 Dungeon Crawl Stone Soup version 0.18-b1-22-ge198996 (webtiles) character file.

3291 senseless the Slasher (level 9, -1/71 HPs)
             Began as a Demonspawn Gladiator on May 3, 2016.
             Was a Believer of Cheibriados.
             Slain by a cyan ugly thing (5 damage)
             ... on level 7 of the Dungeon.
             The game lasted 00:24:31 (5572 turns).

senseless the Slasher (Demonspawn Gladiator)        Turns: 5572, Time: 00:24:32

Health: -1/71      AC: 24    Str: 21    XL:     9   Next: 69%
Magic:  0/9        EV: 10    Int: 16    God:    Cheibriados [**....]
Gold:   373        SH:  2    Dex: 22    Spells: 0 memorised, 8 levels left

rFire  . . .     SeeInvis +     a - +0 long sword
rCold  . . .     Gourm    .     j - +0 plate armour
rNeg   + . .     Faith    .     (no shield)
rPois  .         Spirit   +     c - +0 helmet
rElec  .         Dismiss  .     g - +0 cloak (curse)
rCorr  .         Reflect  +     D - +0 pair of gloves (curse)
SustAt .         Harm     .     m - +0 pair of boots
MR     .....                    n - +2 amulet of reflection
Stlth  ..........               l - ring of positive energy
                                e - +4 ring of slaying

@: about to teleport, very slow, not resistant to hostile enchantments,
extremely unstealthy
A: iridescent scales 2, see invisible, agile 1, sense surroundings 1, spiny 2,
magic shield
a: Bend Time, Renounce Religion


You were on level 7 of the Dungeon.
You worshipped Cheibriados.
Cheibriados was pleased with you.
You were hungry.

You visited 2 branches of the dungeon, and saw 8 of its levels.

You collected 373 gold pieces.

Inventory:

Hand Weapons
 a - a +0 long sword (weapon)
Missiles
 d - 3 throwing nets (quivered)
Armour
 c - a +0 helmet (worn)
 g - a cursed +0 cloak (worn)
 j - a +0 plate armour (worn)
 m - a +0 pair of boots (worn)
 p - a +0 chain mail
 D - a cursed +0 pair of gloves (worn)
Magical Staves
 y - an uncursed staff of power {unknown}
Jewellery
 e - a +4 ring of slaying (left hand)
 l - a ring of positive energy (right hand)
 n - a +2 amulet of reflection (around neck)
 o - an uncursed ring of flight
 t - an uncursed ring of wizardry
Wands
 B - a wand of iceblast (6/15)
Scrolls
 h - 4 scrolls of remove curse
 k - 4 scrolls of identify
 C - a scroll of teleportation
Potions
 b - 6 potions of curing
 q - 2 potions of flight
 z - a potion of brilliance
 A - a potion of might
Books
 r - a book of the Tempests

   Spells                             Type                      Level
   a - Static Discharge               Conjuration/Air              3
   b - Lightning Bolt                 Conjuration/Air              5
   c - Fireball                       Conjuration/Fire             5
   d - Tornado                        Air                          9
   e - Shatter                        Earth                        9
 s - a book of Envenomations

   Spells                             Type                      Level
   a - Spider Form                    Transmutation/Poison         3
   b - Olgreb's Toxic Radiance        Poison                       4
   c - Alistair's Intoxication        Transmutation/Poison         5
   d - Poisonous Cloud                Conjuration/Poison/Air       6
Comestibles
 f - 9 bread rations
 i - 3 beef jerkies
 u - 2 meat rations
 w - 6 fruits
 x - 2 royal jellies


   Skills:
 + Level 6.7 Fighting
 + Level 7.4 Long Blades
 + Level 2.5 Throwing
 + Level 7.1 Armour
 + Level 5.1 Dodging
 + Level 0.8 Stealth


You had 8 spell levels left.
You didn't know any spells.

Dungeon Overview and Level Annotations

Branches:
Dungeon (7/15)             Temple (1/1) D:5

Altars:
Ashenzari
Cheibriados
Gozag
Makhleb
Pakellas
Qazlal
Sif Muna
Yredelemnul
The Shining One


Innate Abilities, Weirdness & Mutations

You are mostly covered in iridescent scales (AC +6).
You are mostly covered in sharp spines.
When hurt, damage is shared between your health and your magic reserves.
You have supernaturally acute eyesight.
You are agile. (Dex +2)
You passively map a small area around you.


Message History

The cyan ugly thing tentacle-slaps you. The cyan ugly thing shocks you!
You hit the cyan ugly thing.
The cyan ugly thing is moderately wounded.
The cyan ugly thing is struck by your spines.
The cyan ugly thing tentacle-slaps you! The cyan ugly thing shocks you!
* * * LOW HITPOINT WARNING * * *
The cyan ugly thing is struck by your spines.
The cyan ugly thing completely misses you.
You hit the cyan ugly thing.
The cyan ugly thing is moderately wounded.
The cyan ugly thing is struck by your spines.
The cyan ugly thing tentacle-slaps you.
* * * LOW HITPOINT WARNING * * *
The cyan ugly thing shocks you!
* * * LOW HITPOINT WARNING * * *
As you read the scroll of teleportation, it crumbles to dust.
You feel strangely unstable.
The cyan ugly thing is struck by your spines.
The cyan ugly thing tentacle-slaps you.
You die...

#.####### #.##....#
#)##.##.#
#######.##.##..
#######..........####
..............>......
*#######.#####.#######
#.########.# #..#
#.....u@...# ##.#####
#..######### ##.#...##
* , #..(..... ,, ,
#......## #.#.
####...#.### #.#.#
#.........## #...#
#........... * #...#
#.........## *
###...########...#.###


You could see a cyan ugly thing.

Vanquished Creatures
  The ghost of skk the Cudgeler, a novice OgBe of Trog (D:6)
  Prince Ribbit (D:7)
  A water moccasin (D:6)
  The ghost of oplop the Gusty, an amateur TeAE (D:3)
  An orc warrior (D:6)
  2 black bears
  An ice beast (D:6)
  A necrophage (D:7)
  A sky beast (D:6)
  An ogre (D:5)
  3 centaurs
  A big kobold (D:7)
  An elf zombie (D:7)
  4 scorpions
  2 wights (D:7)
  A howler monkey (D:4)
  A centaur zombie (D:5)
  2 crimson imps
  A giant frog zombie (D:6)
  5 hounds
  A jelly (D:7)
  3 human zombies (D:7)
  A centaur skeleton (D:4)
  2 orc priests
  Crazy Yiuf (D:6)
  2 human skeletons (D:7)
  A giant frog skeleton (D:6)
  Jessica (D:2)
  An iguana (D:5)
  6 orc wizards
  A worker ant (D:7)
  An ogre skeleton (D:7)
  A mummy (D:7)
  A worker ant zombie (D:7)
  8 adders
  2 worms
  A dart slug (D:4)
  5 giant geckos
  13 orcs
  3 bats
  4 giant cockroaches
  5 goblins
  6 hobgoblins
  5 jackals
  6 quokkas
  2 ball pythons
  A giant gecko zombie (D:5)
  4 giant newts
  7 kobolds
  An orc zombie (D:7)
  2 quokka zombies
  3 rats
133 creatures vanquished.

Vanquished Creatures (others)
  4 fungi (D:6)
4 creatures vanquished.

Grand Total: 137 creatures vanquished

Notes
Turn   | Place    | Note
--------------------------------------------------------------
     0 | D:1      | senseless the Demonspawn Gladiator began the quest for the Orb.
     0 | D:1      | Reached XP level 1. HP: 16/16 MP: 1/1
   147 | D:1      | Gained mutation: You are partially covered in sharp spines. [demonic ancestry]
   147 | D:1      | Reached XP level 2. HP: 19/22 MP: 2/2
   185 | D:1      | Found a glowing golden altar of the Shining One.
   720 | D:2      | Noticed Jessica
   728 | D:2      | Killed Jessica
   728 | D:2      | Gained mutation: When hurt, damage is shared between your health and your magic reserves. [demonic ancestry]
   728 | D:2      | Reached XP level 3. HP: 20/28 MP: 3/3
   808 | D:2      | Found an opulent altar of Gozag.
  1331 | D:3      | Reached XP level 4. HP: 34/34 MP: 4/4
  1424 | D:3      | Noticed oplop's ghost (amateur TeAE)
  1433 | D:3      | Killed oplop's ghost
  1433 | D:3      | Reached skill level 1 in Armour
  1433 | D:3      | Reached XP level 5. HP: 16/40 MP: 1/5
  1821 | D:3      | Found a shattered altar of Ashenzari.
  2444 | D:4      | Gained mutation: You are mostly covered in sharp spines. [demonic ancestry]
  2444 | D:4      | Reached XP level 6. HP: 47/47 MP: 6/6
  2709 | D:5      | Entered Level 5 of the Dungeon
  2955 | D:5      | Gained mutation: You are partially covered in iridescent scales (AC +4). [demonic ancestry]
  2955 | D:5      | Reached XP level 7. HP: 47/52 MP: 4/7
  3246 | D:5      | Reached skill level 5 in Long Blades
  3716 | D:5      | Found a staircase to the Ecumenical Temple.
  3725 | Temple   | Entered the Ecumenical Temple
  3761 | Temple   | Became a worshipper of Cheibriados the Contemplative
  3808 | D:5      | Reached XP level 8. HP: 57/61 MP: 8/8
  3966 | D:6      | Reached skill level 5 in Armour
  4033 | D:6      | Reached skill level 5 in Fighting
  4157 | D:6      | Reached * piety under Cheibriados
  4250 | D:6      | Noticed skk's ghost (novice OgBe)
  4256 | D:6      | Noticed Crazy Yiuf
  4563 | D:6      | Killed Crazy Yiuf
  4576 | D:6      | Gained mutation: You have supernaturally acute eyesight. [potion of mutation]
  4576 | D:6      | Gained mutation: You passively map a small area around you. [potion of mutation]
  4576 | D:6      | Gained mutation: You are agile. (Dex +2) [potion of mutation]
  4827 | D:6      | Killed skk's ghost
  4827 | D:6      | Gained mutation: You are mostly covered in iridescent scales (AC +6). [demonic ancestry]
  4827 | D:6      | Reached XP level 9. HP: 46/69 MP: 7/9
  5182 | D:7      | Found an oddly glowing altar of Pakellas.
  5337 | D:7      | Reached ** piety under Cheibriados
  5349 | D:7      | Reached skill level 5 in Dodging
  5409 | D:7      | Found a basalt altar of Yredelemnul.
  5456 | D:7      | Noticed Prince Ribbit
  5466 | D:7      | Killed Prince Ribbit
  5564 | D:7      | Noticed a cyan ugly thing
  5570 | D:7      | HP: 3/71 [cyan ugly thing (14)]
  5572 | D:7      | Slain by a cyan ugly thing

Skill      XL: |  1  2  3  4  5  6  7  8  9 |
---------------+----------------------------+-----
Dodging        | 3 4 5 |  5.1
Throwing       | 2 |  2.5
Long Blades    | 3 4 5 6 7 |  7.4
Armour         | 1 2 4 6 7 |  7.1
Fighting       | 3 4 5 6 |  6.7
Stealth        | |  0.8

Action                   |  1- 3 |  4- 6 |  7- 9 || total
-------------------------+-------+-------+-------++-------
Melee: Long sword        |    49 |    63 |   223 ||   335
Throw: Throwing net      |       |       |     1 ||     1
  Use: Scroll            |     4 |     2 |     9 ||    15
       Potion            |       |       |     3 ||     3
  Eat: Chunk             |     1 |     5 |     6 ||    12
Armor: Leather armour    |    13 |       |       ||    13
       Chain mail        |     6 |     8 |       ||    14
       Plate armour      |       |    29 |   141 ||   170
Dodge: Dodged            |    32 |    16 |    76 ||   124
Block: Other             |       |       |    19 ||    19
       Reflection        |       |       |     1 ||     1
